 Dungeon Crawl Stone Soup version 0.30-a0-586-g23e55c9e0a (webtiles) character file.

Game seed: 6768778252735696292

9 sokol815 the Sneak (level 2, 0/21 HPs)
             Began as an Octopode Delver on Jan 4, 2023.
             Succumbed to an adder's poison
             ... on level 5 of the Dungeon.
             The game lasted 00:00:18 (24 turns).

sokol815 the Sneak (Octopode Delver)                  Turns: 24, Time: 00:00:19

Health: 0/21       AC:  1    Str: 11    XL:     2   Next: 12%
Magic:  2/2        EV: 13    Int: 12    God:
Gold:   0          SH:  0    Dex: 13    Spells: 1/1 levels left

rFire   . . .      SeeInvis .    a - +0 short sword
rCold   . . .      Faith    .    (no shield)
rNeg    . . .      Spirit   .    (helmet restricted)
rPois   .          Reflect  .    (no amulet)
rElec   .          Harm     .    (no ring)
rCorr   .          Rampage  .    (no ring)
Will    .....                    (no ring)
Stlth   ++++                     (no ring)
HPRegen 0.23/turn                (no ring)
MPRegen 0.08/turn                (no ring)
                                 (no ring)
                                 (no ring)

@: lethally poisoned (0 -> -3)
A: almost no armour, amphibious, 8 rings, camouflage 1, gelatinous body 1,
(nimble swimmer 1), tentacles
a: no special abilities


You were on level 5 of the Dungeon.
You visited 1 branch of the dungeon, and saw 1 of its levels.

Inventory:

Hand Weapons
 a - a +0 short sword (weapon)
Wands
 d - a wand of digging (3)
Scrolls
 b - a scroll of fog
 e - a scroll of amnesia
 E - a scroll of fear
 X - a scroll of magic mapping {@r4!r}
Potions
 H - a potion of haste


   Skills:
 - Level 3.0 Fighting
 + Level 2.4 Short Blades
 - Level 2.0 Dodging
 + Level 6.9 Stealth


You had one spell level left.
You didn't know any spells.
Your spell library was empty.

Dungeon Overview and Level Annotations

Branches:
Dungeon (5/15) Zot: 5976
 Temple: D:4-7

Altars:


Innate Abilities, Weirdness & Mutations

You cannot wear most types of armour.
You are amphibious.
You can wear up to eight rings at the same time.
Your skin changes colour to match your surroundings (Stealth+).
Your rubbery body absorbs attacks. (AC +1, EV +1)
((You are camouflaged when in or above water. (Stealth+)))
You have tentacles for arms and can constrict up to eight enemies at once.


Message History

Bad channel name for runrest: 'Jiyva says: Divide and consume' Welcome, sokol815 the Octopode Delver.
You feel drawn to the Orb of Zot, downwards into the unfathomable depths...
Found a stone staircase leading down.
c - a scroll labelled ESMOANEECK An adder comes into view.
You see here a scroll labelled OVUDUD NIRUE.
You closely miss the adder.
The adder hisses angrily.
You grab the adder. You squeeze the adder. You constrict the adder.
The adder bites you.
You are poisoned.
The adder poisons you!
You take 3 damage, and have 13/16 hp.
You hit the adder but do no damage. You constrict the adder.
You feel sick. The adder barely misses you.
You take 1 damage, and have 12/16 hp.
You barely miss the adder. You constrict the adder.
You feel sick. The adder bites you.
You are more poisoned.
The adder poisons you!
You take 3 damage, and have 9/16 hp.
You barely miss the adder. You constrict the adder.
You feel sick. The adder barely misses you. The adder bites you.
You are lethally poisoned!
The adder poisons you!
You take 2 damage, and have 7/16 hp.
Unknown command.
You hit the adder.
You kill the adder!
* * * LOW HITPOINT WARNING * * *
You feel very sick.
You have reached level 2!
You take 2 damage, and have 5/21 hp.
MP restored: 2
* * * LOW HITPOINT WARNING * * *
You feel sick.
You see here an adder corpse.
Unknown command.
You take 2 damage, and have 3/21 hp.
Okay, then.
* * * LOW HITPOINT WARNING * * *
You feel sick.
* * * LOW HITPOINT WARNING * * *
You feel sick.
You see here a scroll labelled OVUDUD NIRUE.
You take 1 damage, and have 2/21 hp.
e - a scroll labelled OVUDUD NIRUE
* * * LOW HITPOINT WARNING * * *
You feel sick.
You take 1 damage, and have 1/21 hp.
As you read the scroll labelled ESMOANEECK, it crumbles to dust.
It is a scroll of identify.
e - a scroll of amnesia You die...

#### .... #..#.#.#
#..# .#8.#.#.#
#..# .#..#.#.#
#.?# ....#.#.#
#..# #.......#
#†.# #.......#
#..#
#.......#####.#.@#
#....>........#..#
.......########..#
###.#............#
##############.#
#.# #.# #.# #.#


There were no monsters in sight!

Vanquished Creatures
  An adder (D:5)
1 creature vanquished.

Notes
Turn   | Place    | Note
-------+----------+-------------------------------------------
     0 | D:5      | sokol815 the Octopode Delver began the quest for the Orb.
     0 | D:5      | Reached XP level 1. HP: 16/16 MP: 1/1
    19 | D:5      | HP: 4/16 [poisoned by an adder]
    20 | D:5      | Reached XP level 2. HP: 5/21 MP: 2/2
    23 | D:5      | HP: 1/21 [poisoned by an adder]
    24 | D:5      | Succumbed to an adder's poison

Illustrated notes

Levels and vault maps discovered:
D:5:      layout_basic, chequers_decorated_corner

Action                   || total
-------------------------++-------
Melee: Short sword       ||     5
       Constrict         ||     1
       Tentacles         ||     1
  Use: Scroll            ||     1
Dodge: Dodged            ||     2

Table legend: (Time is in decaauts)
 A = Elapsed time spent in this place.
 B = Non-inter-level travel time spent in this place.
 C = Inter-level travel time spent in this place.
 D = Time resting spent in this place.
 E = Time spent auto-exploring this place.
 F = Levels seen in this place.
 G = Mean time per level.
                   A        B        C        D        E       F      G
               +--------+--------+--------+--------+--------+-----+--------+
         Total |     23 |     23 |      0 |      0 |     11 |   1 |   23.0 |
       Dungeon |     23 |     23 |      0 |      0 |     11 |   1 |   23.0 |
               +--------+--------+--------+--------+--------+-----+--------+

Top non-repeatable levels by time:
     D:5: 23 daAuts

Table legend:
 A = Kills in this place as a percentage of kills in entire the game.
 B = Kills by you in this place as a percentage of kills by you in the entire game.
 C = Kills by friends in this place as a percentage of kills by friends in the entire game.
 D = Other kills in this place as a percentage of other kills in the entire game.
 E = Experience gained in this place as a percentage of experience gained in the entire game.
 F = Experience gained in this place divided by the number of levels of this place that you have seen.
                   A       B       C       D       E      F
               +-------+-------+-------+-------+-------+----------------------
         Total | 100.0 | 100.0 |   N/A |   N/A | 100.0 |  13.0
       Dungeon | 100.0 | 100.0 |   N/A |   N/A | 100.0 |  13.0
               +-------+-------+-------+-------+-------+----------------------
